 Dungeon Crawl Stone Soup version 0.30.0-15-g856e2d3f33 (webtiles) character file.

Game seed: 13052603656982492517

228 RascalDebosk the Magician (level 6, -2/43 HPs)
             Began as a Djinni Necromancer on May 20, 2023.
             Slain by a lemure (5 damage)
             ... led by Pikel
             ... on level 4 of the Dungeon.
             The game lasted 00:25:41 (3187 turns).

RascalDebosk the Magician (Djinni Necromancer)      Turns: 3187, Time: 00:25:41

Health: -2/43      AC:  2    Str:  7    XL:     6   Next: 22%
Gold:   148        EV: 12    Int: 19    God:
                   SH:  0    Dex: 13

rFire   + + .        h - +0 rapier
rCold   x . .        (no shield)
rNeg    . . .        a - +0 robe
rPois   ∞            (no helmet)
rElec   .            i - scarf {+Inv}
rCorr   .            (no gloves)
SInv    .            (boots unavailable)
Will    .....        (no amulet)
Stlth   ++           (no ring)
HPRegen 0.27/turn    (no ring)
MPRegen 0.00/turn

%: infuse magic (-3 HP)
@: flying
A: sickness immunity, fire resistance 2, cold vulnerability 1, float, innate
caster, HP casting, extra vitality 1
a: Evoke Invisibility


You were on level 4 of the Dungeon.
You visited 2 branches of the dungeon, and saw 5 of its levels.

You collected 148 gold pieces.

Inventory:

Hand Weapons
 h - a +0 rapier (weapon)
 s - a +0 dagger
Armour
 a - a +0 robe (worn)
 i - a scarf of invisibility (worn)
Scrolls
 b - 6 scrolls of identify {unknown}
 c - 2 scrolls of teleportation {unknown}
 e - 2 scrolls of noise {unknown}
 f - 2 scrolls of fog {unknown}
 m - 3 scrolls of poison {unknown}
 n - a scroll of summoning {unknown}
 o - a scroll of immolation {unknown}
 t - a scroll of silence {unknown}
Potions
 d - a potion of lignification {unknown}
 g - a potion of heal wounds {unknown}
 j - a potion of attraction {unknown}
 k - 3 potions of curing {unknown}
 l - a potion of berserk rage {unknown}
 p - a potion of flight {unknown}
 q - a potion of degeneration {unknown}
 r - a potion of invisibility {unknown}


   Skills:
 * Level 2.2 Fighting
 - Level 2.1 Dodging
 - Level 1.5 Stealth
 * Level 4.9 Spellcasting
 + Level 1.5 Evocations


You knew the following spells:

 Your Spells              Type           Power      Damage    Failure   Level
a - Necrotise             Necr           92%        1d8       1%          1
b - Vampiric Draining     Necr           23%        2d7       4%          3
c - Animate Dead          Necr           23%        N/A       16%         4
d - Agony                 Necr           23%        N/A       41%         5
e - Foxfire               Conj/Fire      92%        2x1d8     1%          1
f - Call Imp              Summ           46%        N/A       2%          2
Your spell library was empty.

Dungeon Overview and Level Annotations

Branches:
Dungeon (4/15)             Temple (1/1) D:4

Altars:
Cheibriados
Dithmenos
Elyvilon
Fedhas
Hepliaklqana
Makhleb
Nemelex Xobeh
Trog
Xom
Yredelemnul
Zin
The Shining One

Shops:
D:3 :

Annotations:
D:2 1 runed translucent door, Crazy Yiuf
D:4 Pikel


Innate Abilities, Weirdness & Mutations

You are immune to sickness and miasma.
You are immune to poison.
Your flesh is very heat resistant. (rF++)
You are vulnerable to cold. (rC-)
You float through the air rather than walking.
You learn spells naturally, not from books.
Your magical power is your life essence.
You have superior vitality. (+4 MHP)


Message History

The giant cockroach is severely wounded.
Your cerulean imp hits the giant cockroach from afar with a -2 spear.
The giant cockroach dies!
You swap places.
You see here a giant cockroach corpse.
Found a pair of gloves.
An adder comes into view.
The adder hisses angrily.
A lemure comes into view. x2
Pikel and 2 lemures come into view.
Pikel is wielding a +1 whip of freezing.
The lemure shouts! x2
The lemure moves out of view.
You see here a scroll labelled QEUTUX PAERPHOU.
Casting: Foxfire (safe; 1% risk of failure)
Confirm with . or Enter, or press ? or * to list all spells.
You conjure some foxfire!
Pikel shouts!
Casting: Foxfire (safe; 1% risk of failure)
Confirm with . or Enter, or press ? or * to list all spells.
You conjure some foxfire!
The foxfire hits the adder!
The adder is severely wounded.
The foxfire hits the adder!
You kill the adder!
Your cerulean imp barely misses the lemure.
Casting: Foxfire (safe; 1% risk of failure)
Confirm with . or Enter, or press ? or * to list all spells.
You conjure some foxfire!
The foxfire hits the lemure.
The lemure is lightly wounded.
The foxfire hits the lemure.
The lemure is moderately wounded.
Your cerulean imp barely misses the lemure.
Casting: Foxfire (safe; 1% risk of failure)
Confirm with . or Enter, or press ? or * to list all spells.
You conjure some foxfire!
The foxfire hits the lemure.
The lemure is moderately wounded.
The foxfire hits the lemure.
The lemure is heavily wounded.
Your cerulean imp hits the lemure but does no damage.
The foxfire hits the lemure.
The lemure is severely wounded.
Casting: Foxfire (safe; 1% risk of failure)
Confirm with . or Enter, or press ? or * to list all spells.
You conjure some foxfire!
The lemure closely misses your cerulean imp.
Your cerulean imp hits the lemure with a -2 spear.
Casting: Foxfire (safe; 1% risk of failure)
Confirm with . or Enter, or press ? or * to list all spells.
You conjure some foxfire!
The foxfire hits the lemure.
The lemure is almost dead.
The foxfire hits the lemure but does no damage.
The lemure is almost dead.
The foxfire hits the lemure.
You kill the lemure!
That felt strangely unrewarding.
Your cerulean imp closely misses the lemure.
Casting: Foxfire (safe; 1% risk of failure)
Confirm with . or Enter, or press ? or * to list all spells.
You conjure some foxfire!
The lemure hits your cerulean imp. The lemure closely misses you.
Your cerulean imp closely misses the lemure.
Casting: Foxfire (safe; 1% risk of failure)
Confirm with . or Enter, or press ? or * to list all spells.
You conjure some foxfire!
The foxfire hits Pikel but does no damage.
The foxfire hits the lemure.
The lemure is lightly wounded.
The foxfire hits the lemure.
The lemure is moderately wounded.
The foxfire hits the lemure.
The lemure is heavily wounded.
The lemure hits you!
The lemure barely misses your cerulean imp.
Pikel hits you with a +1 whip of freezing!
* * * LOW HITPOINT WARNING * * *
Pikel freezes you.
* * * LOW HITPOINT WARNING * * *
Your cerulean imp hits the lemure with a -2 spear.
Casting: Foxfire (safe; 1% risk of failure)
Confirm with . or Enter, or press ? or * to list all spells.
Aiming: Vampiric Draining (dangerous; 4% risk of failure)
Press: ? - help, Shift-Dir - straight line, f - Pikel
Aim: Pikel, wielding a +1 whip of freezing and wearing a +0 robe (ally target)
You draw life force from Pikel.
You feel life coursing into your body.
* * * LOW HITPOINT WARNING * * *
The foxfire hits the lemure.
The lemure is heavily wounded.
The foxfire hits Pikel.
Pikel is lightly wounded.
The lemure hits your cerulean imp but does no damage.
The lemure completely misses you.
Pikel hits you with a +1 whip of freezing!
* * * LOW HITPOINT WARNING * * *
Pikel freezes you.
* * * LOW HITPOINT WARNING * * *
Your cerulean imp hits the lemure but does no damage.
You hit Pikel.
Pikel is lightly wounded.
The lemure hits your cerulean imp. The lemure hits you.
You die...

'.# #.#..... ..
#.###.#....##.
#..........#. .###
#.#...............
#.#........#......
#####.#.... ...#...#.#
..#..5K.§.#+###..#......
#....55@....†...........
......5)§...###.........
...[###.....+.......##..
..# #.....##.#.#.....# .
#.....##.......#..
#.....##.........#
#..........#......
#.####.#..........
#.........#..


You could see Pikel, 3 lemures and a friendly cerulean imp (summoned).

Vanquished Creatures
  A lemure (D:4)
  A howler monkey (D:4)
  An iguana (D:4)
  4 gnolls (D:3)
  5 adders
  3 dart slugs
  7 orcs (D:3)
  4 bats
  6 endoplasms
  2 giant cockroaches (D:1)
  7 hobgoblins
  2 jackals (D:1)
  6 kobolds
  3 quokkas
  2 ball pythons
  4 frilled lizards
  2 goblins
  6 rats
66 creatures vanquished.

Vanquished Creatures (collateral kills)
  An endoplasm (D:2)
  A giant cockroach (D:4)
  A hobgoblin (D:1)
  A ball python (D:4)
4 creatures vanquished.

Vanquished Creatures (others)
  An adder zombie (D:3)
  177 foxfires
178 creatures vanquished.

Grand Total: 248 creatures vanquished

Notes
Turn   | Place    | Note
-------+----------+-------------------------------------------
     0 | D:1      | RascalDebosk the Djinni Necromancer began the quest for the
                  | Orb.
     0 | D:1      | RascalDebosk set off with the following spells memorised:
                  | Necrotise, Vampiric Draining, Animate Dead, Agony.
     0 | D:1      | Reached XP level 1. HP: 15/15 MP: 0/0
   282 | D:1      | Reached XP level 2. HP: 19/21 MP: 0/0
   598 | D:1      | Reached XP level 3. HP: 20/25 MP: 0/0
   598 | D:1      | Learned a level 1 spell: Foxfire
   665 | D:1      | Reached skill level 4 in Spellcasting
  1068 | D:2      | Reached XP level 4. HP: 25/31 MP: 0/0
  1311 | D:2      | Found a runed translucent door.
  1312 | D:2      | Noticed Crazy Yiuf
  1771 | D:2      | Found a faded altar of an unknown god.
  2013 | D:3      | HP: 1/31 [gnoll/+0 heavy spear (6)]
  2019 | D:3      | Reached XP level 5. HP: 1/36 MP: 0/0
  2019 | D:3      | Learned a level 2 spell: Call Imp
  2237 | D:3      | Reached skill level 1 in Fighting
  2273 | D:3      | Found a sparkling altar of Nemelex Xobeh.
  2466 | D:3      | Reached skill level 1 in Evocations
  2507 | D:3      | Found Jerchusch's Book Shoppe.
  2984 | D:4      | Reached XP level 6. HP: 30/43 MP: 0/0
  3040 | D:4      | Found a staircase to the Ecumenical Temple.
  3047 | Temple   | Entered the Ecumenical Temple
  3177 | D:4      | Noticed Pikel
  3186 | D:4      | HP: 2/43 [Pikel/+1 whip of freezing (4)]
  3187 | D:4      | Slain by a lemure

Illustrated notes

Levels and vault maps discovered:
D:1:      saegor_arrival_under_anarchy, layout_basic, amethyst_killhole
D:2:      layout_basic, shapermc_ecumenical_altar_pompeii,
          uniq_crazy_yiuf_cottage
D:3:      layout_basic, nemelex_spade_bored_becter, serial_shops,
          nicolae_shop_tiny_statue_garden
D:4:      layout_basic, minmay_temple_entry_slanted, nicolae_nh_ransacked_shop,
          uniq_pikel, uniq_blork_the_orc
Temple:   cyrus_circular_temple

Skill      XL: |  1  2  3  4  5  6 |
---------------+-------------------+-----
Spellcasting   | 4 |  4.9
Fighting       | 1 2 |  2.2
Evocations     | 1 |  1.5
Dodging        | |  2.1
Stealth        | |  1.5

Action                     |  1- 3 |  4- 6 || total
---------------------------+-------+-------++-------
  Melee: Dagger            |     4 |       ||     4
         Rapier            |       |    20 ||    20
         Punch             |       |     1 ||     1
   Cast: Necrotise         |    52 |    11 ||    63
         Foxfire           |    10 |   100 ||   110
         Vampiric Draining |     1 |     4 ||     5
         Animate Dead      |       |     2 ||     2
         Call Imp          |       |     3 ||     3
   Stab: Sleeping          |       |     1 ||     1
 Armour: Robe              |     3 |     2 ||     5
  Dodge: Dodged            |    12 |    23 ||    35
